Workbook

Sheet Sales Invoice
B1: BULK GRAIN BUY
B3: Name: | D3: John Doe | G3: Date: | H3: 46296
B4: E-mail: | D4: Jdoe@gmail.com | H4: 2
B5: Phone #: | D5: 111-111-1111
B6: Are you a LAGERS member? | D6: No(add dues to invoice - singles)
B8: Form Instructions:
B9: 1) Fill out items in RED. 2) Fill out the payment method. 3) Fill in the SKU and qty of the malt you would like to order. 4) Fill in the quantity needed. The malt catalog is located in the excel tabs. You may change your order at any time, so long as it is before we place the order with the distributor. Keep in mind that some specialty malts may not always be available. We will let you know if there are any items you have ordered that are not in stock. Once you have filled out the form, please save and send it to: lagershomebrew@gmail.com If you split grain with another member, please indicate which SKU you are splitting, the qty that is to be split, and the individual you are splitting the grain with. Update the qty in the cell to reflect the amount you will be taking home for yourself, For example, use 0.5 as the quantity if splitting between 2 people , 0.34 if between 3 people, 0.25 if between 4 people, etc...
B14: Payment Instructions:
B15: Option 1: Pay via cash or check (use PayPal if you cannot attend the pickup day)
B17: Option 2: Pay via PayPal/CC. We will send you an invoice for the total including PayPal fees.
B20: Payment Method: | C20: PayPal/CC
B22: SKU # | C22: Qty | D22: Split with? | E22: Description | G22: Unit Price | H22: Line Total
E23: =IF($H$4=1,IF(B23="","",VLOOKUP(B23,#REF!,2,FALSE)),IF(B23="","",VLOOKUP(B23,'BSG Catalog VLOOKUP'!$A$2:$C$122,2,FALSE))) | G23: =IF($H$4=1,IF(B23="","",VLOOKUP(B23,#REF!,3,FALSE)),IF(B23="","",VLOOKUP(B23,'BSG Catalog VLOOKUP'!$A$2:$C$122,3,FALSE))) | H23: =IF(G23="","",IF(SUM(C23)>0,SUM((C23*G23)),""))
E24: =IF($H$4=1,IF(B24="","",VLOOKUP(B24,#REF!,2,FALSE)),IF(B24="","",VLOOKUP(B24,'BSG Catalog VLOOKUP'!$A$2:$C$122,2,FALSE))) | G24: =IF($H$4=1,IF(B24="","",VLOOKUP(B24,#REF!,3,FALSE)),IF(B24="","",VLOOKUP(B24,'BSG Catalog VLOOKUP'!$A$2:$C$122,3,FALSE))) | H24: =IF(G24="","",IF(SUM(C24)>0,SUM((C24*G24)),""))
E25: =IF($H$4=1,IF(B25="","",VLOOKUP(B25,#REF!,2,FALSE)),IF(B25="","",VLOOKUP(B25,'BSG Catalog VLOOKUP'!$A$2:$C$122,2,FALSE))) | G25: =IF($H$4=1,IF(B25="","",VLOOKUP(B25,#REF!,3,FALSE)),IF(B25="","",VLOOKUP(B25,'BSG Catalog VLOOKUP'!$A$2:$C$122,3,FALSE))) | H25: =IF(G25="","",IF(SUM(C25)>0,SUM((C25*G25)),""))
E26: =IF($H$4=1,IF(B26="","",VLOOKUP(B26,#REF!,2,FALSE)),IF(B26="","",VLOOKUP(B26,'BSG Catalog VLOOKUP'!$A$2:$C$122,2,FALSE))) | G26: =IF($H$4=1,IF(B26="","",VLOOKUP(B26,#REF!,3,FALSE)),IF(B26="","",VLOOKUP(B26,'BSG Catalog VLOOKUP'!$A$2:$C$122,3,FALSE))) | H26: =IF(G26="","",IF(SUM(C26)>0,SUM((C26*G26)),""))
E27: =IF($H$4=1,IF(B27="","",VLOOKUP(B27,#REF!,2,FALSE)),IF(B27="","",VLOOKUP(B27,'BSG Catalog VLOOKUP'!$A$2:$C$122,2,FALSE))) | G27: =IF($H$4=1,IF(B27="","",VLOOKUP(B27,#REF!,3,FALSE)),IF(B27="","",VLOOKUP(B27,'BSG Catalog VLOOKUP'!$A$2:$C$122,3,FALSE))) | H27: =IF(G27="","",IF(SUM(C27)>0,SUM((C27*G27)),""))
E28: =IF($H$4=1,IF(B28="","",VLOOKUP(B28,#REF!,2,FALSE)),IF(B28="","",VLOOKUP(B28,'BSG Catalog VLOOKUP'!$A$2:$C$122,2,FALSE))) | G28: =IF($H$4=1,IF(B28="","",VLOOKUP(B28,#REF!,3,FALSE)),IF(B28="","",VLOOKUP(B28,'BSG Catalog VLOOKUP'!$A$2:$C$122,3,FALSE))) | H28: =IF(G28="","",IF(SUM(C28)>0,SUM((C28*G28)),""))
E29: =IF($H$4=1,IF(B29="","",VLOOKUP(B29,#REF!,2,FALSE)),IF(B29="","",VLOOKUP(B29,'BSG Catalog VLOOKUP'!$A$2:$C$122,2,FALSE))) | G29: =IF($H$4=1,IF(B29="","",VLOOKUP(B29,#REF!,3,FALSE)),IF(B29="","",VLOOKUP(B29,'BSG Catalog VLOOKUP'!$A$2:$C$122,3,FALSE))) | H29: =IF(G29="","",IF(SUM(C29)>0,SUM((C29*G29)),""))
E30: =IF($H$4=1,IF(B30="","",VLOOKUP(B30,#REF!,2,FALSE)),IF(B30="","",VLOOKUP(B30,'BSG Catalog VLOOKUP'!$A$2:$C$122,2,FALSE))) | G30: =IF($H$4=1,IF(B30="","",VLOOKUP(B30,#REF!,3,FALSE)),IF(B30="","",VLOOKUP(B30,'BSG Catalog VLOOKUP'!$A$2:$C$122,3,FALSE))) | H30: =IF(G30="","",IF(SUM(C30)>0,SUM((C30*G30)),""))
E31: =IF($H$4=1,IF(B31="","",VLOOKUP(B31,#REF!,2,FALSE)),IF(B31="","",VLOOKUP(B31,'BSG Catalog VLOOKUP'!$A$2:$C$122,2,FALSE))) | G31: =IF($H$4=1,IF(B31="","",VLOOKUP(B31,#REF!,3,FALSE)),IF(B31="","",VLOOKUP(B31,'BSG Catalog VLOOKUP'!$A$2:$C$122,3,FALSE))) | H31: =IF(G31="","",IF(SUM(C31)>0,SUM((C31*G31)),""))
E32: =IF($H$4=1,IF(B32="","",VLOOKUP(B32,#REF!,2,FALSE)),IF(B32="","",VLOOKUP(B32,'BSG Catalog VLOOKUP'!$A$2:$C$122,2,FALSE))) | G32: =IF($H$4=1,IF(B32="","",VLOOKUP(B32,#REF!,3,FALSE)),IF(B32="","",VLOOKUP(B32,'BSG Catalog VLOOKUP'!$A$2:$C$122,3,FALSE))) | H32: =IF(G32="","",IF(SUM(C32)>0,SUM((C32*G32)),""))
E33: =IF($H$4=1,IF(B33="","",VLOOKUP(B33,#REF!,2,FALSE)),IF(B33="","",VLOOKUP(B33,'BSG Catalog VLOOKUP'!$A$2:$C$122,2,FALSE))) | G33: =IF($H$4=1,IF(B33="","",VLOOKUP(B33,#REF!,3,FALSE)),IF(B33="","",VLOOKUP(B33,'BSG Catalog VLOOKUP'!$A$2:$C$122,3,FALSE))) | H33: =IF(G33="","",IF(SUM(C33)>0,SUM((C33*G33)),""))
E34: =IF($H$4=1,IF(B34="","",VLOOKUP(B34,#REF!,2,FALSE)),IF(B34="","",VLOOKUP(B34,'BSG Catalog VLOOKUP'!$A$2:$C$122,2,FALSE))) | G34: =IF($H$4=1,IF(B34="","",VLOOKUP(B34,#REF!,3,FALSE)),IF(B34="","",VLOOKUP(B34,'BSG Catalog VLOOKUP'!$A$2:$C$122,3,FALSE))) | H34: =IF(G34="","",IF(SUM(C34)>0,SUM((C34*G34)),""))
B35: Membership | C35: =IF(D6="No(add dues to invoice - couples)",1,IF(D6="No(add dues to invoice - singles)",1,0)) -> 1 | E35: =IF(D6="No(add dues to invoice - couples)","LAGERS Membership - Couples",IF(D6="No(add dues to invoice - singles)","LAGERS Membership - Single","")) -> LAGERS Membership - Single | G35: =IF(D6="No(add dues to invoice - couples)",35,IF(D6="No(add dues to invoice - singles)",25,"")) -> 25 | H35: =IF(G35="","",IF(SUM(C35)>0,SUM((C35*G35)),"")) -> 25
G36: Sum | H36: =SUM(H23:H35) -> 25
G37: CC Fees | H37: =IF(C20="PayPal/CC",(0.03*H36),0) -> 0.75
G38: Total | H38: =SUM(H36:H37) -> 25.75

Sheet BSG Catalog
A1: ALL GRAIN COMES IN 55lb/25kg SACKS UNLESS OTHERWISE STATED
A2: Manufacturer | B2: Type | C2: Name | D2: SKU | E2: Unit Cost
A3: Crisp | B3: Brewers Malt | C3: Crisp Best Ale Malt | D3: MCRI1003 | E3: 57
A4: Crisp | B4: Brewers Malt | C4: Crisp Chevallier Heritage Malt | D4: MCRI1009 | E4: 75
A5: Crisp | B5: Specialty Malt | C5: Crisp Chit Malt | D5: MCRI1021 | E5: 65
A6: Crisp | B6: Brewers Malt | C6: Crisp Clear Choice Malt™ | D6: MCRI1005 | E6: 59
A7: Crisp | B7: Specialty Malt | C7: Crisp Dextrin Malt | D7: MCRI1018 | E7: 59
A8: Crisp | B8: Brewers Malt | C8: Crisp Extra Pale Maris Otter® | D8: MCRI1008 | E8: 64
A9: Crisp | B9: Brewers Malt | C9: Crisp Finest Maris Otter® | D9: MCRI1001 | E9: 62
A10: Crisp | B10: Flaked Corn | C10: Crisp Flaked Maize (Corn) | D10: AZZZ1402 | E10: 70
A11: Crisp | B11: Flaked Rice | C11: Crisp Flaked Rice | D11: AZZZ1412 | E11: 86
A12: Crisp | B12: Brewers Malt | C12: Crisp Hana Heritage Malt | D12: MCRI1011 | E12: 76
A13: Crisp | B13: Brewers Malt | C13: Crisp Lager Malt | D13: MCRI1004 | E13: 57
A14: Crisp | B14: Oat Malt | C14: Crisp Naked Oat Malt | D14: MCRI1071 | E14: 73
... A123: Weyermann | B123: Sinamar | C123: Weyermann Sinamar | D123: BZZZ1360 | E123: 151

Sheet BSG Catalog VLOOKUP
A1: SKU | B1: Name | C1: Unit Cost
A2: MCRI1003 | B2: Crisp Best Ale Malt | C2: 57
A3: MCRI1009 | B3: Crisp Chevallier Heritage Malt | C3: 75
A4: MCRI1021 | B4: Crisp Chit Malt | C4: 65
A5: MCRI1005 | B5: Crisp Clear Choice Malt™ | C5: 59
A6: MCRI1018 | B6: Crisp Dextrin Malt | C6: 59
A7: MCRI1008 | B7: Crisp Extra Pale Maris Otter® | C7: 64
A8: MCRI1001 | B8: Crisp Finest Maris Otter® | C8: 62
A9: AZZZ1402 | B9: Crisp Flaked Maize (Corn) | C9: 70
A10: AZZZ1412 | B10: Crisp Flaked Rice | C10: 86
A11: MCRI1011 | B11: Crisp Hana Heritage Malt | C11: 76
A12: MCRI1004 | B12: Crisp Lager Malt | C12: 57
A13: MCRI1071 | B13: Crisp Naked Oat Malt | C13: 73
... A122: BZZZ1360 | B122: Weyermann Sinamar | C122: 151
